 Dungeon Crawl Stone Soup version 0.27.0-1-g7a089689b8 (webtiles) character file.

Game seed: 13359356004086486357

39 nicksoapdish the Conjurer (level 3, 0/21 HPs)
             Began as an Octopode Conjurer on Aug 13, 2021.
             Slain by a black bear (6 damage)
             ... on level 3 of the Dungeon.
             The game lasted 00:04:51 (2299 turns).

nicksoapdish the Conjurer (Octopode Conjurer)       Turns: 2299, Time: 00:04:51

Health: 0/21       AC:  1    Str:  6    XL:     3   Next: 47%
Magic:  0/6        EV: 13    Int: 21    God:
Gold:   98         SH:  0    Dex: 10    Spells: 3/6 levels left

rFire    . . .     SeeInvis .   (no weapon)
rCold    + . .     Faith    .   (no shield)
rNeg     . . .     Spirit   .   (helmet restricted)
rPois    .         Reflect  .   (no amulet)
rElec    .         Harm     .   h - ring of protection from cold
rCorr    .         Rampage  .   (no ring)
Will     .....                  (no ring)
Stlth    +++.......             (no ring)
HPRegen  0.07/turn              (no ring)
MPRegen  0.10/turn              (no ring)
                                (no ring)
                                (no ring)

@: no status effects
A: almost no armour, amphibious, 8 rings, camouflage 1, gelatinous body 1,
(nimble swimmer 1), tentacles
a: no special abilities


You were on level 3 of the Dungeon.
You visited 1 branch of the dungeon, and saw 3 of its levels.

You collected 98 gold pieces.

Inventory:

Missiles
 a - 5 atropa-tipped darts (quivered)
 e - 17 poisoned darts
Jewellery
 h - a ring of protection from cold (left tentacle)
Scrolls
 b - a scroll of teleportation
 d - a scroll of amnesia {unknown}
 f - a scroll of magic mapping {unknown}
 g - a scroll of enchant armour {unknown}
Potions
 c - 2 potions of lignification
 i - a potion of curing
 j - a potion of resistance {unknown}
 k - 2 potions of degeneration {unknown}


   Skills:
 - Level 2.0 Dodging
 * Level 3.3 Stealth
 * Level 2.4 Spellcasting
 + Level 4.7 Conjurations


You had 3 spell levels left.
You knew the following spells:

 Your Spells              Type           Power      Damage    Failure   Level
a - Magic Dart            Conj           88%        1d7       1%          1
b - Searing Ray           Conj           44%        3d4       3%          2

Your spell library contained the following spells:

 Spells                   Type           Power      Damage    Failure   Level
 Dazzling Flash           Conj/Hex       24%        N/A       16%         3
 Stone Arrow              Conj/Erth      24%        3d8       16%         3
 Fulminant Prism          Conj/Hex       6%         3d7       47%         4
 Iskenderun's Mystic Bla  Conj/Tloc      12%        2d5       47%         4
 Lehudib's Crystal Spear  Conj/Erth      6%         10d3      100%        8
 Animate Armour           Summ/Erth      Unusable   N/A       N/A         4

Dungeon Overview and Level Annotations

Branches:
Dungeon (3/15)

Altars:
Okawaru


Innate Abilities, Weirdness & Mutations

You cannot wear most types of armour.
You are amphibious.
You can wear up to eight rings at the same time.
Your skin changes colour to match your surroundings (Stealth+).
Your rubbery body absorbs attacks. (AC +1, EV +1)
((You are camouflaged near water. (Stealth+)))
You have tentacles for arms and can constrict up to eight enemies at once.


Message History

The searing ray hits the black bear!
The black bear is severely wounded.
You finish channeling your searing ray.
Casting: Searing Ray (safe; 3% risk of failure)
Confirm with . or Enter, or press ? or * to list all spells.
Aiming: Magic Dart (safe; 1% risk of failure)
Press: ? - help, Shift-Dir - straight line, f/p - black bear
Aim: a black bear (heavily wounded, 100% to hit)
The magic dart hits the black bear but does no damage.
The black bear is heavily wounded.
Casting: Magic Dart (safe; 1% risk of failure)
Confirm with . or Enter, or press ? or * to list all spells.
Aiming: Searing Ray (safe; 3% risk of failure)
Press: ? - help, Shift-Dir - straight line, f/p - black bear
Aim: a black bear (heavily wounded, 84% to hit)
The searing ray hits the black bear!
The black bear is severely wounded. (Press . to maintain the ray.)
The black bear goes berserk!
You don't have enough magic to cast this spell.
Okay, then.
Throw: 7 darts (atropa)
Press: ? - help, Q - select action, (/) - cycle Shift-Dir - straight line, f/p - black bear
Aim: a black bear (severely wounded, berserk, 62% to hit, chance to blind on hit: 35%)
You throw an atropa-tipped dart.
The atropa-tipped dart hits the black bear.
The black bear resists.
The black bear is severely wounded.
The black bear misses you. The black bear claws you.
The black bear closely misses you.
Throw: 6 darts (atropa)
Press: ? - help, Q - select action, (/) - cycle Shift-Dir - straight line, f/p - black bear
Aim: a black bear (severely wounded, berserk, 62% to hit, chance to blind on hit: 35%)
You throw an atropa-tipped dart.
The atropa-tipped dart barely misses the black bear.
The black bear bites you!
Ouch! That really hurt!
* * * LOW HITPOINT WARNING * * *
The black bear claws you.
You die...

#####.#### ##+## #.....#
##...## ##.##..#
##.....## #.(.#..#
##.......## #
#......####.........####
#.........+.........'...
###.#...####.........##.#
#...##.h## ##.......###.#
#.#.[÷..@#####.....## #.#
#..........# ##...## #.#
#..##÷###..# ##'## #.#
#..#....#..# #.# #..
#..#....#..# #.# ###
#..#....#..# ##.##
#..#....#..# ##...##
##.#....#(.###.....######
#.######................


You could see a black bear (berserk).

Vanquished Creatures
  An adder (D:3)
  2 dart slugs
  A giant cockroach (D:1)
  A hobgoblin (D:3)
  5 jackals
  3 quokkas
  3 ball pythons
  5 frilled lizards
  5 rats
26 creatures vanquished.

Notes
Turn   | Place    | Note
-------+----------+-------------------------------------------
     0 | D:1      | nicksoapdish the Octopode Conjurer began the quest for the
                  | Orb.
     0 | D:1      | Reached XP level 1. HP: 11/11 MP: 3/3
   431 | D:1      | Reached XP level 2. HP: 17/17 MP: 0/5
   434 | D:1      | Learned a level 2 spell: Searing Ray
  1262 | D:2      | Found an iron altar of Okawaru.
  1625 | D:2      | Found a faded altar of an unknown god.
  1811 | D:3      | Reached XP level 3. HP: 21/21 MP: 1/6
  2271 | D:3      | Noticed a black bear
  2299 | D:3      | Slain by a black bear

Illustrated notes

Levels and vault maps discovered:
D:1:      lordsloth_arrival_two_stooges, layout_basic, minmay_pentomino_r4
D:2:      layout_basic, basic_altar, basic_ecumenical_altar
D:3:      layout_loops_corners, mainiacjoe_overflow_concentric_impassable,
          serial_shops, nicolae_shop_crystal, chequers_serial_rivers_micro_c,
          minmay_misc_feat_square, nrook_mini_vaults,
          chequers_serial_rivers_micro_d, uniq_robin

Skill      XL: |  1  2 |
---------------+-------+-----
Stealth        | 3 |  3.3
Dodging        | |  2.0
Spellcasting   | |  2.4
Conjurations   | |  4.7

Action                   || total
-------------------------++-------
Melee: Unarmed           ||     2
Throw: Dart              ||     2
 Cast: Magic Dart        ||    27
       Searing Ray       ||    13
  Use: Scroll            ||     3
Armor: Skin              ||     1
Dodge: Dodged            ||     6
